 Dungeon Crawl Stone Soup version 0.26.1-2-gb8aa6d0cf2 (webtiles) character file.

Game seed: 16050706633985418764

108609 hawla the Gelid (level 16, 0/106 HPs)
             Began as a White Draconian Conjurer on Feb 18, 2021.
             Was a High Priest of Vehumet.
             Slain by a troll (3 damage)
             ... on level 1 of the Orcish Mines.
             The game lasted 01:50:53 (35334 turns).

hawla the Gelid (White Draconian Conjurer)         Turns: 35334, Time: 01:50:54

Health: 0/106      AC: 18    Str: 10    XL:     16   Next: 3%
Magic:  33/33      EV: 12    Int: 32    God:    Vehumet [*****.]
Gold:   1859       SH:  9    Dex: 19    Spells: 9/41 levels left

rFire    + . .     SeeInvis +   H - staff of conjuration
rCold    + + +     Faith    .   X - +0 kite shield of the Unbroken {Regen+ SInv}
rNeg     . . .     Spirit   .   (armour unavailable)
rPois    .         Reflect  .   N - +0 hat of Sin {rC+ Dex+2}
rElec    +         Harm     .   f - +2 cloak
rCorr    .         Rampage  .   d - +2 pair of gloves {Dex+3}
Will     ++++.                  t - +2 pair of boots
Stlth    ++........             u - amulet of magic regeneration
HPRegen  0.67/turn              l - ring of the Mage {Wiz Will++ Int+3}
MPRegen  0.48/turn              Q - ring of Zin's Favour {rElec rF+ rC+ Will+ Int+4}

@: silenced
A: breathe frost, unfitting armour, big wings, agile 2, cold resistance 1,
electricity resistance, cold-blooded, AC +9
a: Breathe Frost, Fly, Renounce Religion


You were on level 1 of the Orcish Mines.
You worshipped Vehumet.
Vehumet was extremely pleased with you.
You visited 4 branches of the dungeon, and saw 22 of its levels.
You also visited: Sewer and Gauntlet.

You collected 2129 gold pieces.
You spent 270 gold pieces at shops.

Inventory:

Missiles
 g - 2 boomerangs
 v - 11 poisoned darts (quivered)
 z - 2 curare-tipped darts
 G - 2 silver boomerangs
 R - 19 silver javelins
Armour
 d - a +2 pair of gloves of dexterity (worn)
 f - a +2 cloak (worn)
 t - a +2 pair of boots (worn)
 N - the +0 hat of Sin (worn) {rC+ Dex+2}
   (You found it in a Gauntlet)

   It affects your dexterity (+2).
   It protects you from cold.
 X - the +0 kite shield of the Unbroken (worn) {Regen+ SInv}
   (You found it on level 4 of the Lair of Beasts)

   It lets you see invisible.
   It increases your rate of regeneration.
Magical Staves
 h - an uncursed staff of earth
 H - an uncursed staff of conjuration (weapon)
 T - an uncursed staff of cold
Jewellery
 c - an uncursed ring of see invisible
 k - an uncursed ring of willpower
 l - the ring of the Mage (left hand) {Wiz Will++ Int+3}
   (You found it on level 4 of the Dungeon)

   [ring of wizardry]

   It improves your spell success rate.
   It affects your intelligence (+3).
   It affects your willpower, your defense against some magical effects.
 o - an uncursed ring of protection from fire
 u - an amulet of magic regeneration (around neck)
 A - an uncursed ring of magical power
 I - an uncursed ring of resist corrosion
 K - an uncursed amulet of reflection
 L - an uncursed ring of ice
 P - the ring "Dekku" {+Fly rPois rC+}
   (You found it in a Gauntlet)

   [ring of poison resistance]

   It protects you from cold.
   It protects you from poison.
   It lets you fly.
 Q - the ring of Zin's Favour (right hand) {rElec rF+ rC+ Will+ Int+4}
   (You took it off a minotaur in a Gauntlet)

   [ring of protection from cold]

   It affects your intelligence (+4).
   It protects you from fire.
   It protects you from cold.
   It insulates you from electricity.
   It affects your willpower, your defense against some magical effects.
Wands
 a - a wand of polymorph (10)
 i - a wand of paralysis (15)
 n - a wand of digging (16)
 q - a wand of disintegration (34)
 s - a wand of iceblast (31)
 F - a wand of flame (42)
Scrolls
 b - 6 scrolls of teleportation
 w - 2 scrolls of fog
 C - 2 scrolls of fear
 O - a scroll of identify
 S - a scroll of magic mapping
 Y - a scroll of blinking
Potions
 e - a potion of cancellation
 j - a potion of berserk rage
 x - 4 potions of curing
 B - a potion of ambrosia
 D - 3 potions of haste
 E - 2 potions of might
 J - 3 potions of brilliance
 M - a potion of resistance
 Z - a potion of lignification
Miscellaneous
 y - a lightning rod (4/4)
 U - a lightning rod (4/4)


   Skills:
 - Level 0.5 Fighting
 - Level 12.0 Staves
 - Level 1.0 Throwing
 + Level 3.8 Dodging
 - Level 2.0 Stealth
 + Level 5.2 Shields
 + Level 13.0 Spellcasting
 + Level 13.2 Conjurations
 - Level 1.0 Hexes
 - Level 4.4 Translocations
 - Level 18.0 Ice Magic
 - Level 3.0 Air Magic
 - Level 4.0 Evocations


You had 9 spell levels left.
You knew the following spells:

 Your Spells              Type           Power        Failure   Level
a - Magic Dart            Conj           100%         1%          1
b - Searing Ray           Conj           100%         1%          2
c - Iskenderun's Mystic   Conj/Tloc      86%          1%          4
d - Ensorcelled Hibernat  Hex/Ice        100%         1%          2
e - Frozen Ramparts       Ice            100%         0%          3
f - Hailstorm             Conj/Ice       100%         1%          4
g - Airstrike             Air            20%          2%          4
h - Orb of Destruction    Conj           51%          3%          7
i - Lightning Bolt        Conj/Air       41%          1%          5

Your spell library contained the following spells:

 Spells                   Type           Power        Failure   Level
 Freeze                   Ice            100%         0%          1
 Ozocubu's Armour         Ice            94%          0%          3
 Sandblast                Erth           40%          1%          1
 Dazzling Flash           Conj/Hex       100%         1%          3
 Gell's Gravitas          Tloc           24%          1%          3
 Stone Arrow              Conj/Erth      100%         1%          3
 Fulminant Prism          Conj/Hex       39%          1%          4
 Ice Form                 Ice/Tmut       68%          1%          4
 Summon Ice Beast         Ice/Summ       68%          1%          4
 Metabolic Englaciation   Hex/Ice        34%          1%          5
 Corona                   Hex            30%          2%          1
 Beastly Appendage        Tmut           40%          3%          1
 Summon Small Mammal      Summ           80%          3%          1
 Call Imp                 Summ           20%          4%          2
 Passwall                 Tmut/Erth      16%          4%          2
 Wereblood                Tmut           20%          4%          2
 Confusing Touch          Hex            27%          6%          3
 Tukima's Dance           Hex            27%          6%          3
 Summon Guardian Golem    Hex/Summ       24%          8%          3
 Call Canine Familiar     Summ           20%          10%         3
 Spider Form              Tmut/Pois      10%          10%         3
 Summon Lightning Spire   Summ/Air       30%          16%         4
 Yara's Violent Unravell  Hex/Tmut       12%          19%         5
 Lee's Rapid Deconstruct  Erth           10%          22%         5
 Petrify                  Tmut/Erth      20%          30%         4
 Blade Hands              Tmut           10%          61%         5


Dungeon Overview and Level Annotations

Branches:
Dungeon (14/15)            Temple (1/1) D:4            Lair (6/6) D:10
 Shoals (0/4) Lair:2        Snake (0/4) Lair:4        Slime (0/5) Lair:5
    Orc (1/2) D:10         Vaults (0/5) D:13          Sewer (visited)
Gauntlet (visited)

Altars:
Ashenzari
Cheibriados
Dithmenos
Elyvilon
Fedhas
Gozag
Hepliaklqana
Kikubaaqudgha
Makhleb
Nemelex Xobeh
Okawaru
Qazlal
Ru
Sif Muna
Trog
Uskayaw
Vehumet
Wu Jian
Xom
Yredelemnul
Zin
The Shining One
Jiyva
Lugonu

Shops:
D:9 }

Portals:
Trove: D:14 (give 12 potions of heal wounds)

Annotations:
D:3 dig
Orc:1 1 transporter, 1 runed translucent door


Innate Abilities, Weirdness & Mutations

You can breathe waves of freezing cold.
You can buffet flying creatures when you breathe cold.
Your icy white scales are hard. (AC +9)
You cannot fit into any form of body armour.
Your flesh is cold resistant. (rC+)
You are cold-blooded and may be slowed by cold attacks.
Your large and strong wings let you fly indefinitely.
You are very agile. (Dex +4)
You are resistant to electric shocks. (rElec)


Message History

There is a large open door here.
Unknown command.
Okay, then.
Aiming: Iceblast
Press: ? - help, Shift-Dir - straight line That beam is likely to hit you.
Continue anyway?
The mass of ice explodes!
The iceblast engulfs the troll!
The troll is moderately wounded.
The iceblast engulfs you! You partially resist.
The iceblast engulfs the two-headed ogre!!
The two-headed ogre is moderately wounded.
You block the troll's attack. The troll barely misses you. The troll claws you!
* * * LOW HITPOINT WARNING * * *
The two-headed ogre hits you with a +0 giant club!!
* * * LOW HITPOINT WARNING * * *
The two-headed ogre hits you with a +0 dire flail.
* * * LOW HITPOINT WARNING * * *
The troll bites you but does no damage. You block the troll's attack.
The troll claws you.
You die...

#....####......#^....####
#######.......##########.
#.......# #.. #.......#
##. ###.©.### ##
#y#####y# ##########
##..'.©.+.. #..T@.÷.+ .
#...O#...# #○#..#######
###..#y##W## y#..####+#
#e#...$$)_:$
#e#....$/[$$.
#e#..⌠..?)[..⌠
...........


You could see a deep elf annihilator, a two-headed ogre (berserk), 3 moths of
wrath, a silent spectre (silencing), a deep elf mage and a troll (berserk).

Vanquished Creatures
  An orc warlord (Orc:1)
  A minotaur (Gauntlet)
  Erolcha (D:12)
  6 boulder beetles
  Harold (D:7)
  4 vault guards (D:13)
  3 catoblepae (Lair:6)
  4 two-headed ogres
  15 hydras
  Erica (D:10)
  5 centaur warriors
  A tengu warrior (D:13)
  20 death yaks
  Urug (Lair:5)
  Nergalle (D:11)
  Sonja (D:10)
  2 sixfirhies (Gauntlet)
  2 unseen horrors
  An obsidian statue (Gauntlet)
  A wizard (D:9)
  2 orc sorcerers (Orc:1)
  A lindwurm (Lair:4)
  A wolf spider (D:14)
  A deep elf mage (D:11)
  5 cyclopes
  A worldbinder (Gauntlet)
  2 ugly things
  A merfolk siren (Lair:2)
  2 oklob plants
  3 manticores
  8 black mambas
  Maurice (D:8)
  15 elephants
  Psyche (D:10)
  A gargoyle (D:11)
  10 cane toads
  A torpor snail (Lair:4)
  10 komodo dragons
  5 rime drakes
  2 tengu conjurers
  A jumping spider (Lair:2)
  A guardian mummy (D:14)
  2 trolls
  7 polar bears
  25 blink frogs
  2 slime creatures
  7 dream sheep (Lair:6)
  A shadow (D:13)
  80 yaks
  Sigmund (D:6)
  A tarantella (Lair:2)
  Eustachio (D:6)
  2 steam dragons
  3 wraiths
  7 wyverns
  5 basilisks
  7 vampire mosquitoes (D:14)
  Menkaure (D:7)
  An acid dragon (D:12)
  3 wargs (Orc:1)
  Duvessa (D:6)
  11 water moccasins
  7 black bears
  12 orc warriors
  6 ice beasts
  A necrophage (D:8)
  4 phantoms
  6 sky beasts
  A boggart (Gauntlet)
  10 ogres
  22 wolves
  10 centaurs
  4 big kobolds
  20 bullfrogs
  A wyvern zombie (D:13)
  Dowan (D:6)
  2 scorpions (D:7)
  7 killer bees
  8 wights
  An electric eel (Lair:5)
  2 howler monkeys
  2 lava snakes (Lair:2)
  4 centaur zombies
  A crimson imp (D:9)
  A bullfrog zombie (D:9)
  A quasit (D:9)
  A bullfrog skeleton (D:11)
  6 hounds
  6 jellies
  14 orc wizards
  6 centaur skeletons
  19 orc priests
  5 iguanas
  2 hell rats (Lair:3)
  9 worker ants
  2 hound skeletons (D:11)
  A hound zombie (D:7)
  4 gnolls
  15 adders
  A howler monkey skeleton (D:5)
  3 river rats (Lair:3)
  A shadow imp (D:6)
  5 white imps
  4 ufetubi
  3 oozes
  2 worms
  5 dart slugs
  8 leopard geckos
  52 orcs
  6 ball pythons
  11 giant cockroaches
  2 gnoll zombies (D:8)
  6 goblins
  7 hobgoblins
  2 jackals (D:1)
  22 kobolds
  6 quokkas
  5 bats
  6 frilled lizards
  A giant cockroach zombie (D:5)
  A quokka skeleton (D:8)
  12 rats
710 creatures vanquished.

Vanquished Creatures (others)
  27 demonic plants
  42 fungi
  77 plants
  2 withered plants (Gauntlet)
148 creatures vanquished.

Grand Total: 858 creatures vanquished

Notes
Turn   | Place    | Note
-------+----------+-------------------------------------------
     0 | D:1      | hawla the Draconian Conjurer began the quest for the Orb.
     0 | D:1      | Reached XP level 1. HP: 14/14 MP: 3/3
   350 | D:1      | Reached XP level 2. HP: 20/20 MP: 1/5
   874 | D:1      | Learned a level 2 spell: Searing Ray
  1413 | D:2      | Reached XP level 3. HP: 15/26 MP: 1/7
  1691 | D:2      | Found a snail-covered altar of Cheibriados.
  2726 | D:3      | Reached skill level 5 in Conjurations
  2726 | D:3      | Reached XP level 4. HP: 28/33 MP: 1/8
  2731 | D:3      | Learned a level 4 spell: Iskenderun's Mystic Blast
  3016 | D:3      | Reached skill level 1 in Translocations
  3336 | D:3      | Reached XP level 5. HP: 27/38 MP: 3/9
  4162 | D:4      | Found a sacrificial altar of Ru.
  4164 | D:4      | Gained mutation: Scrolls take you a little longer to read.
                  | [potion of mutation]
  4164 | D:4      | Gained mutation: Your large and strong wings let you fly
                  | indefinitely. [potion of mutation]
  4802 | D:4      | Found the ring of the Mage {Wiz Will++ Int+3}
  4947 | D:4      | Found a sparkling altar of Nemelex Xobeh.
  4994 | D:4      | Found a staircase to the Ecumenical Temple.
  5000 | Temple   | Entered the Ecumenical Temple
  5048 | Temple   | Became a worshipper of Vehumet
  5118 | D:4      | Found a glowing silver altar of Zin.
  5118 | D:4      | Found a broken altar of Ashenzari.
  5267 | D:4      | Reached XP level 6. HP: 45/45 MP: 6/10
  5307 | D:4      | Found a glowing golden altar of the Shining One.
  5558 | D:5      | Entered Level 5 of the Dungeon
  5740 | D:5      | Noticed an ice beast
  5746 | D:5      | Killed an ice beast
  5913 | D:5      | Your scales start taking on an icy white colour.
  5913 | D:5      | Reached XP level 7. HP: 44/50 MP: 0/11
  5913 | D:5      | Gained mutation: Your flesh is cold resistant. (rC+) [White
                  | Draconian growth]
  6254 | D:5      | Reached skill level 1 in Ice Magic
  6415 | D:5      | Reached skill level 2 in Ice Magic
  6531 | D:5      | Reached skill level 3 in Ice Magic
  6832 | D:5      | Found a sparkling altar of Nemelex Xobeh.
  6934 | D:5      | Reached skill level 4 in Ice Magic
  6934 | D:5      | Reached XP level 8. HP: 57/57 MP: 7/14
  7301 | D:6      | Found a glowing drain.
  7323 | D:6      | Reached * piety under Vehumet
  7323 | D:6      | Offered knowledge of Shock by Vehumet.
  7330 | Sewer    | Entered a sewer
  7480 | Sewer    | Reached skill level 5 in Ice Magic
  7739 | Sewer    | Reached skill level 5 in Spellcasting
  8180 | D:6      | Noticed Duvessa
  8181 | D:6      | Noticed Dowan
  8197 | D:6      | Killed Duvessa
  8385 | D:6      | Killed Dowan
  8386 | D:6      | Reached skill level 6 in Ice Magic
  8561 | D:6      | Reached skill level 1 in Staves
  8676 | D:6      | Noticed Sigmund
  8800 | D:6      | Killed Sigmund
  8880 | D:6      | Noticed Eustachio
  8884 | D:6      | Reached XP level 9. HP: 55/62 MP: 18/18
  8886 | D:6      | Reached skill level 7 in Ice Magic
  8899 | D:6      | Killed Eustachio
  9063 | D:6      | Found a bloodstained altar of Trog.
  9111 | D:6      | Found a white marble altar of Elyvilon.
  9143 | D:6      | Found a hazy altar of Hepliaklqana.
  9523 | D:7      | Found a shimmering blue altar of Sif Muna.
  9596 | D:7      | Reached ** piety under Vehumet
  9635 | D:7      | Offered knowledge of Foxfire by Vehumet.
  9644 | D:7      | Reached skill level 8 in Ice Magic
 10016 | D:7      | Noticed Menkaure
 10022 | D:7      | Killed Menkaure
 10330 | D:7      | Noticed Harold
 10346 | D:7      | Killed Harold
 10347 | D:7      | Reached skill level 9 in Ice Magic
 10807 | D:8      | Reached XP level 10. HP: 69/69 MP: 18/22
 11007 | D:8      | Learned a level 2 spell: Ensorcelled Hibernation
 11191 | D:8      | Reached skill level 10 in Ice Magic
 11196 | D:8      | Reached skill level 1 in Hexes
 11527 | D:8      | Found a burning altar of Makhleb.
 11578 | D:8      | Noticed Maurice
 11948 | D:8      | Offered knowledge of Static Discharge by Vehumet.
 12037 | D:8      | Found a stormy altar of Qazlal.
 12088 | D:8      | Found a basalt altar of Yredelemnul.
 12349 | D:8      | Killed Maurice
 12350 | D:8      | Reached skill level 1 in Evocations
 12505 | D:9      | Reached *** piety under Vehumet
 12540 | D:9      | Found Xefulir's Gadget Boutique.
 12548 | D:9      | Bought a wand of digging (5) for 270 gold pieces
 13064 | D:9      | Reached skill level 11 in Ice Magic
 13329 | D:9      | Offered knowledge of Frozen Ramparts by Vehumet.
 13334 | D:9      | Learned a level 3 spell: Frozen Ramparts
 13609 | D:9      | Found a shimmering altar of Xom.
 13812 | D:9      | Noticed a wizard
 13818 | D:9      | Killed a wizard
 14078 | D:9      | Noticed a two-headed ogre
 14085 | D:9      | Killed a two-headed ogre
 14086 | D:9      | Reached skill level 10 in Spellcasting
 14086 | D:9      | Reached skill level 12 in Ice Magic
 14088 | D:9      | Reached XP level 11. HP: 42/74 MP: 6/25
 14310 | D:10     | Entered Level 10 of the Dungeon
 14351 | D:10     | Noticed a two-headed ogre
 14365 | D:10     | Killed a two-headed ogre
 14543 | D:10     | Killed an unseen horror
 14572 | D:10     | Noticed Erica
 14577 | D:10     | Killed Erica
 14604 | D:10     | Noticed Sonja
 15106 | D:10     | Killed Sonja
 15251 | D:10     | Reached skill level 13 in Ice Magic
 15253 | D:10     | Found a staircase to the Lair.
 15253 | D:10     | Noticed Psyche
 15260 | D:10     | Killed Psyche
 15480 | D:10     | Reached **** piety under Vehumet
 15694 | D:10     | Noticed a two-headed ogre
 15703 | D:10     | Killed a two-headed ogre
 15718 | D:10     | Offered knowledge of Iskenderun's Battlesphere by Vehumet.
 15724 | D:10     | Learned a level 4 spell: Hailstorm
 16033 | D:10     | Found a staircase to the Orcish Mines.
 16222 | D:11     | Noticed a boulder beetle
 16233 | D:11     | Killed a boulder beetle
 16234 | D:11     | Noticed Nergalle
 16238 | D:11     | Noticed a spectral orc warlord
 16246 | D:11     | Killed Nergalle
 16508 | D:11     | Noticed a red ugly thing
 16521 | D:11     | Killed a red ugly thing
 16561 | D:11     | Reached XP level 12. HP: 28/81 MP: 10/27
 17004 | D:11     | Reached skill level 14 in Ice Magic
 17207 | D:11     | Noticed an eight-headed hydra
 17346 | D:11     | Noticed a centaur warrior
 17356 | D:11     | Killed a centaur warrior
 17359 | D:11     | Killed an eight-headed hydra
 17917 | D:12     | Found a gate leading to a gauntlet.
 17927 | Gauntlet | Entered a Gauntlet
 17927 | Gauntlet | Found a transporter.
 17927 | Gauntlet | Found a transporter.
 17927 | Gauntlet | Found a transporter.
 17927 | Gauntlet | Noticed a death ooze
 17928 | Gauntlet | Found a transporter.
 17931 | Gauntlet | Found a transporter.
 17931 | Gauntlet | Found a transporter.
 17946 | Gauntlet | Noticed a death scarab
 17950 | Gauntlet | Found a transporter.
 17952 | Gauntlet | Found a transporter.
 17966 | Gauntlet | Noticed a great orb of eyes
 17968 | Gauntlet | Found a transporter.
 18069 | Gauntlet | Noticed a death scarab
 18081 | Gauntlet | Found a transporter.
 18081 | Gauntlet | Found a transporter.
 18092 | Gauntlet | Found a transporter.
 18196 | Gauntlet | Lost mutation: Scrolls take you a little longer to read.
                  | [potion of mutation]
 18196 | Gauntlet | Gained mutation: You are agile. (Dex +2) [potion of
                  | mutation]
 18196 | Gauntlet | Gained mutation: You are very agile. (Dex +4) [potion of
                  | mutation]
 18196 | Gauntlet | Gained mutation: You are resistant to electric shocks.
                  | (rElec) [potion of mutation]
 18272 | Gauntlet | Got a polished hat
 18283 | Gauntlet | Identified the cursed +0 hat of Sin {rC+ Dex+2} (You found
                  | it in a Gauntlet)
 18418 | Gauntlet | Got a slimy steel ring
 18421 | Gauntlet | Identified the ring "Dekku" {+Fly rPois rC+} (You found it
                  | in a Gauntlet)
 18503 | Gauntlet | Identified the ring of Zin's Favour {rElec rF+ rC+ Will+
                  | Int+4}
 18503 | Gauntlet | Noticed a minotaur
 18516 | Gauntlet | Killed a minotaur
 18648 | D:12     | Noticed Erolcha
 18657 | D:12     | Killed Erolcha
 18658 | D:12     | Reached skill level 15 in Ice Magic
 18872 | D:12     | Reached ***** piety under Vehumet
 18876 | D:12     | Offered knowledge of Airstrike by Vehumet.
 18882 | D:12     | Learned a level 4 spell: Airstrike
 19202 | D:12     | Noticed a boulder beetle
 19592 | D:12     | Killed a boulder beetle
 19593 | D:12     | Reached skill level 10 in Conjurations
 20062 | D:13     | Noticed a four-headed hydra
 20063 | D:13     | Noticed a vault guard
 20068 | D:13     | Noticed a vault guard
 20072 | D:13     | Noticed a vault guard
 20073 | D:13     | Killed a four-headed hydra
 20073 | D:13     | Noticed a vault guard
 20074 | D:13     | Reached XP level 13. HP: 86/86 MP: 16/29
 20721 | D:13     | Reached skill level 1 in Air Magic
 20801 | D:13     | Reached skill level 16 in Ice Magic
 21040 | D:13     | Found an opulent altar of Gozag.
 21646 | D:13     | Found a gate to the Vaults.
 21930 | D:14     | Found a radiant altar of Vehumet.
 22777 | D:14     | Reached skill level 17 in Ice Magic
 23657 | D:14     | Found a portal to a secret trove of treasure.
 24183 | Lair:1   | Entered Level 1 of the Lair of Beasts
 24356 | Lair:1   | Offered knowledge of Orb of Destruction by Vehumet.
 24357 | Lair:1   | Reached skill level 5 in Staves
 24357 | Lair:1   | Reached XP level 14. HP: 65/94 MP: 17/30
 26751 | Lair:2   | Reached skill level 18 in Ice Magic
 26757 | Lair:2   | Reached skill level 1 in Throwing
 27191 | Lair:2   | Found a staircase to the Shoals.
 27618 | Lair:2   | Found a runed translucent door.
 28193 | Lair:2   | Got a scorched whip
 28266 | Lair:2   | Identified the cursed +0 whip of Karma {vorpal, +Inv rF+}
                  | (You found it on level 2 of the Lair of Beasts)
 28692 | Lair:3   | Learned a level 7 spell: Orb of Destruction
 29688 | Lair:4   | Offered knowledge of Fireball by Vehumet.
 29689 | Lair:4   | Reached skill level 10 in Staves
 30125 | Lair:4   | Found a staircase to the Snake Pit.
 30358 | Lair:4   | Found a blossoming altar of Fedhas.
 30426 | Lair:4   | Reached XP level 15. HP: 74/100 MP: 17/31
 31149 | Lair:6   | Entered Level 6 of the Lair of Beasts
 31365 | Lair:5   | Found a viscous altar of Jiyva.
 31365 | Lair:5   | Found a staircase to the Slime Pits.
 31612 | Lair:5   | Noticed Urug
 31624 | Lair:5   | Killed Urug
 32182 | Lair:4   | Got a polished kite shield
 32188 | Lair:4   | Identified the +0 kite shield of the Unbroken {Regen+ SInv}
                  | (You found it on level 4 of the Lair of Beasts)
 32338 | Lair:6   | Reached skill level 1 in Shields
 33067 | Lair:6   | Offered knowledge of Lightning Bolt by Vehumet.
 33205 | Lair:6   | Learned a level 5 spell: Lightning Bolt
 34873 | Orc:1    | Entered Level 1 of the Orcish Mines
 35010 | Orc:1    | Reached skill level 5 in Shields
 35050 | Orc:1    | Noticed an orc warlord
 35068 | Orc:1    | Killed an orc warlord
 35069 | Orc:1    | Reached XP level 16. HP: 71/106 MP: 15/33
 35164 | Orc:1    | Found an iron altar of Okawaru.
 35171 | Orc:1    | Found a transporter.
 35309 | Orc:1    | Found a transporter.
 35316 | Orc:1    | Found a runed translucent door.
 35316 | Orc:1    | Found a bloodstained altar of Trog.
 35317 | Orc:1    | Found the cursed necklace of Bloodlust {*Rage +Rage Will++
                  | Int-3 Slay+6 *Curse}
 35334 | Orc:1    | HP: 3/106 [two-headed ogre/+0 giant club (5)]
 35334 | Orc:1    | Slain by a troll

Illustrated notes

Levels and vault maps discovered:
D:1:      dpeg_arrival_boxes_within_box, layout_rooms, serial_bayou,
          serial_bayou_pond_e, serial_bayou_pond_c, serial_bayou_pond_d,
          serial_bayou_shore_a, serial_bayou_crossing, serial_bayou_pond_c,
          minivault_24, minivault_24, roderic_lattice_a
D:2:      minmay_angry_zag, layout_basic, lemuel_doored_altar
D:3:      wad_river_or_something, layout_rooms, lightli_corner_chamber
D:4:      layout_loops_ring, nemelex_xobeh_ov_fountains_minmay,
          general_overflow_altar, amethyst_overflow_temple_binary,
          kennysheep_mini_moat, minmay_temple_entry_fiery
D:5:      layout_gridville, minmay_misc_feat_hallway,
          nemelex_diamond_rough_becter
D:6:      layout_cave_pools, nzn_hepliaklqana_mist_gate, trog_ov_bears_minmay,
          overflow_temple_1_default, gup_sewer_entry_glass, uniq_sigmund,
          uniq_eustachio, uniq_duvessa
D:7:      layout_loops_ring, nicolae_overflow_crystal_walls, uniq_menkaure,
          uniq_harold
D:8:      layout_loops_corners, bloody_makhleb, lemuel_zombie_altar_yredelemnul,
          kennysheep_mini, uniq_maurice
D:9:      layout_roguey, tgw_xom, serial_shops, shop_statue,
          lightli_wizard_tower
D:10:     layout_roguey, lair_entry_dummy, david_orc_1_choice, uniq_psyche,
          uniq_erica, uniq_sonja
D:11:     layout_rooms, minmay_fractal_squares_gapless_7, uniq_nergalle
D:12:     layout_rooms, gauntlet_entry_generic, grunt_ministairs_14,
          uniq_erolcha
D:13:     layout_roguey, lightli_vaults_fourway_checkpoint, basic_altar
D:14:     layout_small_grid, chequers_serial_rivers_large_b,
          nicolae_trove_entry_path_of_doom, basic_altar
Temple:   corrupted_temple
Lair:1:   layout_layer_cave, grunt_megastairs_1, minmay_lair_oklob_chamber
Lair:2:   gammafunk_indiana_jones, layout_regular_city,
          minmay_shoals_entry_lonely_mermaid, st_stairs_5, columned_hall_lemuel,
          nzn_random_ring
Lair:3:   layout_regular_city, kennysheep_abandoned_house
Lair:4:   beast_lair_carwin_large_1, layout_regular_city, dummy_snake_entry,
          basic_altar
Lair:5:   layout_cave_shapes, slime_altar_1, serial_bayou_pond_b,
          serial_bayou_shore_b, uniq_urug
Lair:6:   evilmike_catoblepas_cave, layout_cave_pods, serial_bayou_shore_b,
          lemuel_fruit_fields
Orc:1:    emtedronai_trogs_sanctum, layout_caves, okawaru_metal_pillars_1_2

Skill      XL: |  1  2  3  4  5  6  7  8  9 10 11 12 13 14 15 |
---------------+----------------------------------------------+-----
Spellcasting   | 3 4 6 8 10 11 12 13 | 13.0
Conjurations   | 5 6 7 10 12 13 | 13.2
Translocations | 1 2 4 |  4.4
Ice Magic      | 4 6 9 12 13 15 17 18 | 18.0
Staves         | 2 3 5 11 12 | 12.0
Hexes          | 1 |  1.0
Evocations     | 1 4 |  4.0
Air Magic      | 1 3 |  3.0
Dodging        | 2 3 |  3.8
Throwing       | 1 |  1.0
Stealth        | 2 |  2.0
Shields        | 5 |  5.2
Fighting       | |  0.5

Action                   |  1- 3 |  4- 6 |  7- 9 | 10-12 | 13-15 | 16-18 || total
-------------------------+-------+-------+-------+-------+-------+-------++-------
Melee: Unarmed           |    56 |    43 |    26 |       |       |       ||   125
       Tailslap          |     8 |     4 |     4 |     2 |    26 |     1 ||    45
       Quarterstaff      |       |       |    35 |    45 |       |       ||    80
       Staff             |       |       |       |     2 |   157 |     4 ||   163
       Scimitar          |       |       |       |       |     3 |       ||     3
Throw: Dart              |       |       |       |    13 |    27 |       ||    40
       Boomerang         |       |       |       |       |     2 |       ||     2
 Cast: Magic Dart        |    25 |    21 |    28 |    35 |    50 |       ||   159
       Searing Ray       |    19 |    37 |    68 |   116 |   133 |     3 ||   376
       Iskenderun's Myst |       |     4 |    25 |   104 |   333 |     2 ||   468
       Ensorcelled Hiber |       |       |       |    14 |     1 |       ||    15
       Frozen Ramparts   |       |       |       |    18 |    19 |       ||    37
       Hailstorm         |       |       |       |    26 |    64 |       ||    90
       Airstrike         |       |       |       |     1 |    26 |       ||    27
       Orb of Destructio |       |       |       |       |    14 |       ||    14
       Lightning Bolt    |       |       |       |       |    14 |     1 ||    15
 Abil: Breathe Frost     |       |       |     1 |     3 |       |       ||     4
Evoke: Wand              |       |       |     2 |     6 |     3 |     1 ||    12
       Lightning rod     |       |       |       |       |     3 |       ||     3
  Use: Potion            |     1 |     1 |     5 |     6 |       |       ||    13
       Scroll            |     8 |     4 |     7 |    11 |    13 |       ||    43
Armor: Skin              |    13 |    22 |    98 |    56 |   116 |     5 ||   310
Dodge: Dodged            |    35 |    45 |    98 |   111 |   167 |     8 ||   464
Block: Other             |       |       |       |     4 |    39 |       ||    43
       Reflection        |       |       |       |     2 |    11 |       ||    13
       Kite shield       |       |       |       |       |    14 |     7 ||    21
